 Dungeon Crawl Stone Soup version 0.25.1-8-g42b30a86e7 (webtiles) character file.

Game seed: 16150674296443784200

38 pokeman the Magician (level 3, -7/20 HPs)
             Began as a Deep Elf Wizard on Dec 6, 2020.
             Mangled by Crazy Yiuf
             ... wielding a +2 quarterstaff of chaos
              (10 damage)
             ... on level 2 of the Dungeon.
             The game lasted 00:03:08 (1744 turns).

pokeman the Magician (Deep Elf Wizard)              Turns: 1744, Time: 00:03:09

Health: -7/20      AC:  3    Str:  4    XL:     3   Next: 25%
Magic:  0/11       EV: 11    Int: 23    God:
Gold:   53         SH:  0    Dex: 13    Spells: 1/12 levels left

rFire    . . .     SeeInvis .   q - +0 mace (curse)
rCold    . . .     Gourm    .   (no shield)
rNeg     . . .     Faith    .   o - +0 leather armour
rPois    .         Spirit   .   b - +0 hat
rElec    .         Reflect  .   (no cloak)
rCorr    .         Harm     .   (no gloves)
MR       .....                  (no boots)
Stlth    ++........             (no amulet)
HPRegen  0.06/turn              (no ring)
MPRegen  0.12/turn              (no ring)

@: no status effects
A: no striking features
a: no special abilities


You were on level 2 of the Dungeon.
You were not hungry.

You visited 1 branch of the dungeon, and saw 3 of its levels.

You collected 53 gold pieces.

Inventory:

Hand Weapons
 q - a cursed +0 mace (weapon)
Armour
 b - a +0 hat (worn)
 o - a +0 leather armour (worn)
Wands
 a - a wand of paralysis (9)
Scrolls
 c - a scroll of enchant armour {unknown}
 e - 2 scrolls of remove curse {unknown}
 g - a scroll of enchant weapon {unknown}
 h - a scroll of noise {unknown}
 i - 2 scrolls of immolation {unknown}
 k - 2 scrolls of identify {unknown}
 m - a scroll of fog {unknown}
Potions
 f - 2 potions of curing {unknown}
 j - a potion of ambrosia {unknown}
 l - a potion of mutation {unknown}
 p - a potion of flight {unknown}
Comestibles
 d - 2 rations


   Skills:
 + Level 0.8 Fighting
 + Level 0.8 Armour
 - Level 2.4 Dodging
 - Level 2.4 Stealth
 * Level 5.2 Spellcasting
 + Level 1.7 Conjurations
   Level 1.1 Summonings
 - Level 1.1 Translocations


You had one spell level left.
You knew the following spells:

 Your Spells              Type           Power        Failure   Level  Hunger
a - Magic Dart            Conj           ##..         8%          1    None
b - Mephitic Cloud        Conj/Pois/Air  #.......     36%         3    ##.....
c - Blink                 Tloc           N/A          16%         2    None
d - Slow                  Hex            #.......     24%         2    None
e - Conjure Flame         Conj/Fire      ##......     32%         3    ##.....

Your spell library contained the following spells:

 Spells                   Type           Power        Failure   Level  Hunger
 Call Imp                 Summ           ##......     16%         2    None


Dungeon Overview and Level Annotations

Branches:
Dungeon (3/15)

Altars:

Annotations:
D:2 Crazy Yiuf


Message History

You hit Crazy Yiuf.
Crazy Yiuf is severely wounded.
Crazy Yiuf hits you with a +2 quarterstaff of chaos.
Crazy Yiuf freezes you.
You hit Crazy Yiuf.
Crazy Yiuf is almost dead.
Crazy Yiuf hits you with a +2 quarterstaff of chaos!
* * * LOW HITPOINT WARNING * * *
Crazy Yiuf freezes you.
* * * LOW HITPOINT WARNING * * *
Casting: Magic Dart (safe; 8% risk of failure)
Confirm with . or Enter, or press ? or * to list all spells.
Aiming: Magic Dart (safe; 8% risk of failure)
Press: ? - help, Shift-Dir - straight line, f/p - Crazy Yiuf
Aim: Crazy Yiuf, wielding a +2 quarterstaff of chaos and wearing a +0 cloak (almost dead, confused)
The magic dart hits Crazy Yiuf but does no damage.
Crazy Yiuf is almost dead.
Crazy Yiuf hits you with a +2 quarterstaff of chaos!
Ouch! That really hurt!
You die...

#...>...........................
#.......##.######...............
#...............................
#.......#........[..............
#....................###........
#..............).....# #........
#....................###........
#...#....................#####..
#...#..........@g........##.....
#####....................#......
#........########....#......
#..........# #....#+#.#.#
######..........######........#..
#....####............###......#..
#....########........###.........
#.....................##.....##..
#.......^..............+......#..


You could see Crazy Yiuf (confused).

Vanquished Creatures
  An adder (D:2)
  An ooze (D:3)
  A ball python (D:2)
  A bat (D:2)
  3 giant cockroaches
  3 goblins
  4 hobgoblins
  2 jackals (D:2)
  A frilled lizard (D:2)
  4 kobolds
  3 rats
24 creatures vanquished.

Notes
Turn   | Place    | Note
-------+----------+-------------------------------------------
     0 | D:1      | pokeman the Deep Elf Wizard began the quest for the Orb.
     0 | D:1      | Reached XP level 1. HP: 10/10 MP: 7/7
   401 | D:1      | Reached XP level 2. HP: 16/16 MP: 6/9
  1102 | D:2      | Reached skill level 5 in Spellcasting
  1171 | D:2      | You fall into a shaft and drop 1 floor!
  1173 | D:3      | Found a faded altar of an unknown god.
  1242 | D:3      | Reached XP level 3. HP: 20/20 MP: 9/11
  1247 | D:3      | Learned a level 3 spell: Mephitic Cloud
  1257 | D:3      | Learned a level 2 spell: Blink
  1260 | D:3      | Learned a level 2 spell: Slow
  1264 | D:3      | Learned a level 3 spell: Conjure Flame
  1664 | D:2      | Found a runed translucent door.
  1665 | D:2      | Noticed Crazy Yiuf
  1744 | D:2      | Mangled by Crazy Yiuf

Illustrated notes

Levels and vault maps discovered:
D:1:      nicolae_arrival_memento_mori, layout_loops_ring,
          chequers_decorated_corner
D:2:      layout_basic, uniq_crazy_yiuf_cottage
D:3:      layout_loops_ring, hangedman_ru_absence, xom_teletrap_fun,
          chequers_ecumenical_altar_simple

Skill      XL: |  1  2 |
---------------+-------+-----
Spellcasting   | 5 |  5.2
Fighting       | |  0.8
Armour         | |  0.8
Dodging        | |  2.4
Stealth        | |  2.4
Conjurations   | |  1.7
Summonings     | |  1.1
Translocations | |  1.1

Action                   || total
-------------------------++-------
Melee: Mace              ||     3
 Cast: Magic Dart        ||    78
       Mephitic Cloud    ||     2
       Conjure Flame     ||     1
  Eat: Chunk             ||     2
Armor: Robe              ||     3
Dodge: Dodged            ||    13
